 Dungeon Crawl Stone Soup version 0.29.0-4-gdea44cf6ec (webtiles) character file.

Game seed: 4245994677718299350

8034 qw the Severer (level 11, -5/97 HPs)
             Began as a Minotaur Berserker on Sept 6, 2022.
             Was an Elder of Trog.
             Engulfed by a fire crab (shapeshifter)'s flame (27 damage)
             ... on level 9 of the Dungeon.
             The game lasted 00:03:10 (10776 turns).

qw the Severer (Minotaur Berserker)                Turns: 10776, Time: 00:03:10

Health: -5/97      AC: 10    Str: 27    XL:     11   Next: 4%
Magic:  10/10      EV: 13    Int:  4    God:    Trog [****..]
Gold:   291        SH:  0    Dex:  9    Spells: 10/10 levels left

rFire   . . .      SeeInvis .   Y - +1 broad axe
rCold   + . .      Faith    .   (no shield)
rNeg    . . .      Spirit   .   p - +0 chain mail
rPois   .          Reflect  .   (helmet restricted)
rElec   .          Harm     .   (no cloak)
rCorr   .          Rampage  .   (no gloves)
Will    .....                   (no boots)
Stlth   ..........              (no amulet)
HPRegen 0.26/turn               d - +4 ring of evasion
MPRegen 0.12/turn               h - ring of protection from cold

@: about to teleport, on berserk cooldown, slowed, very slow
A: horns 2, retaliatory headbutt
a: Renounce Religion, Berserk, Trog's Hand, Brothers in Arms


You were on level 9 of the Dungeon.
You worshipped Trog.
Trog was greatly pleased with you.
You visited 1 branch of the dungeon, and saw 9 of its levels.

You collected 399 gold pieces.
You spent 108 gold pieces at shops.


Innate Abilities, Weirdness & Mutations

You have a pair of horns on your head.
You reflexively headbutt those who attack you in melee.


   Skills:
 - Level 9.0 Fighting
 + Level 16.9 Axes
 - Level 3.4 Throwing
 - Level 6.2 Armour
 - Level 3.4 Dodging


You had 10 spell levels left.
You didn't know any spells.
Your spell library was empty.

Inventory:

Hand Weapons
 q - a +0 morningstar
 Y - a +1 broad axe (weapon)
Missiles
 c - 2 javelins (quivered)
 e - 9 boomerangs
Armour
 p - a +0 chain mail (worn)
Jewellery
 d - a +4 ring of evasion (left hand)
 h - a ring of protection from cold (right hand)
 l - a +6 ring of dexterity
Scrolls
 a - 2 scrolls of identify
 b - a scroll of enchant armour
 i - a scroll of teleportation
Potions
 g - a potion of haste
 j - a potion of mutation
 k - 3 potions of curing
 n - a potion of attraction {unknown}
 o - 2 potions of might

Dungeon Overview and Level Annotations

Branches:
Dungeon (9/15)             Temple (0/1) D:5
   Lair: D:8-11         Orc: D:9-12

Altars:
Fedhas
Zin

Shops:
D:5 (   D:8 *


Message History

The deep elf pyromancer is moderately wounded.
You slice the deep elf pyromancer!!
The deep elf pyromancer is almost dead.
The deep elf pyromancer closely misses you.
You slice the deep elf pyromancer!!
You feel the power of Trog in you as your rage grows.
You kill the deep elf pyromancer!
Trog accepts your kill.
Trog appreciates your killing of a magic user.
You have reached level 11!
You start resting.
You feel a strong urge to attack something.
You are no longer berserk.
You are exhausted.
You feel yourself slow down.
A fire crab comes into view.
You slash the fire crab! You headbutt the fire crab!
The fire crab is heavily wounded.
The fire crab breathes flames at you.
The blast of flame engulfs you but does no damage.
You hit the fire crab. You headbutt the fire crab!
The fire crab is severely wounded.
You are engulfed in blazing flames.
The fire crab bites you.
You are engulfed in flames!
The fire crab completely misses you.
You barely miss the fire crab. Your headbutt misses the fire crab.
The fire crab is severely wounded.
You are engulfed in blazing flames.
The fire crab breathes flames at you.
The blast of flame engulfs you but does no damage.
10774 ||| Stepping ~*~*~tactically~*~*~ (cloud).
The fire crab bites you!
You are engulfed in flames!
The fire crab misses you.
10775 ||| READING 2 scrolls of teleportation.
As you read the scroll of teleportation, it crumbles to dust.
You feel strangely unstable. The fire crab breathes flames at you.
The blast of flame engulfs you.
10776 ||| DRINKING potion of heal wounds.
You feel much better.
You are engulfed in blazing flames.
You die...

.#
#.#.#.#.#.#......#..>.
#.#
#.#.#.#.##....#...###
##.#.#.###...###.####
# #)#.#.#.#....#
#..... . #.#.#(##.#.<#
###### .#
##.#.##..#..# #
##.###.##..# # #y
###0#0#..##..##### ##
##ee#.##@##.#......[.#
.#
E...T..#t#..#.######.#
.# #)##....# #.####
.## #..#..#..# #.....
..## #.##.###.# ######
...##. .##..###.#
....#.## ..#.......#
#...##.. ..##.#####.#
###..#.. ..##..# #.#


You could see a fire crab.

Vanquished Creatures
  A two-headed ogre (D:9)
  2 deep elf pyromancers (D:9)
  Pikel (D:8)
  3 trolls (D:9)
  A hornet (D:9)
  6 yaks (D:9)
  A wyvern (D:9)
  Grum (D:8)
  2 steam dragons
  Eustachio (D:4)
  An acid dragon (D:8)
  A water moccasin (D:5)
  5 orc warriors
  An ice beast (D:6)
  2 black bears
  An ogre (D:5)
  2 lemures (D:8)
  4 wolves (D:8)
  4 centaurs
  4 phantoms
  A kobold brigand (D:8)
  2 bullfrogs
  A scorpion (D:4)
  4 necrophages (D:7)
  5 killer bees (D:8)
  A howler monkey (D:5)
  A bullfrog zombie (D:7)
  2 hounds
  7 orc priests
  A jelly (D:5)
  2 gnoll boudas
  2 iguanas
  Natasha (twice) (D:4)
  8 orc wizards
  A killer bee zombie (D:7)
  14 gnolls
  8 adders
  6 shadow imps
  4 white imps
  4 ufetubi
  3 worms
  3 dart slugs
  25 orcs
  7 endoplasms
  2 giant cockroaches (D:1)
  3 goblins
  5 hobgoblins
  2 jackals
  2 quokkas
  5 ball pythons
  7 bats
  5 frilled lizards
  17 kobolds
  7 rats
213 creatures vanquished.

Vanquished Creatures (others)
  3 bushes (D:7)
  5 demonic plants (D:5)
  21 plants (D:7)
29 creatures vanquished.

Grand Total: 242 creatures vanquished

Notes
Turn   | Place    | Note
-------+----------+-------------------------------------------
     0 | D:1      | qw the Minotaur Berserker began the quest for the Orb.
     0 | D:1      | Reached XP level 1. HP: 19/19 MP: 0/0
     0 | D:1      | 0 ||| qw: Version: 0.1-a-108-g9e35731
     0 | D:1      | 0 ||| qw: Game counter: 6387
     0 | D:1      | 0 ||| qw: Always use a shield: true
     0 | D:1      | 0 ||| qw: Do Orc after D:15 true
     0 | D:1      | 0 ||| qw: Do second Lair branch before Depths: true
     0 | D:1      | 0 ||| qw: Lair rune preference: random
     0 | D:1      | 0 ||| qw: Plans: Normal
     0 | D:1      | 0 ||| PLANNING D:1-11
    69 | D:1      | Reached skill level 4 in Axes
   283 | D:1      | Reached XP level 2. HP: 26/26 MP: 1/1
   287 | D:1      | 287 ||| Stepping ~*~*~tactically~*~*~ (stealth).
   288 | D:1      | 288 ||| Stepping ~*~*~tactically~*~*~ (stealth).
   294 | D:1      | 294 ||| DROPPING +0 club.
   323 | D:1      | 323 ||| Stepping ~*~*~tactically~*~*~ (stealth).
   326 | D:1      | 326 ||| Stepping ~*~*~tactically~*~*~ (stealth).
   340 | D:1      | 340 ||| Stepping ~*~*~tactically~*~*~ (stealth).
   341 | D:1      | 341 ||| Stepping ~*~*~tactically~*~*~ (stealth).
   404 | D:1      | 404 ||| Stepping ~*~*~tactically~*~*~ (stealth).
   737 | D:1      | Reached skill level 5 in Axes
  1033 | D:1      | 1033 ||| UPGRADING to +0 ring mail.
  1043 | D:1      | 1043 ||| DROPPING +0 animal skin.
  1044 | D:1      | 1044 ||| UPGRADING to +0 scale mail.
  1054 | D:1      | 1054 ||| DROPPING +0 ring mail.
  1055 | D:1      | 1055 ||| UPGRADING to +4 ring of evasion.
  1056 | D:1      | 1056 ||| READING scroll labelled MEXEASH VAEN.
  1057 | D:1      | 1057 ||| READING scroll labelled OKYOC EKKIVOBILOSO.
  1058 | D:1      | 1058 ||| READING scroll labelled GIV FOLEUCZOG.
  1118 | D:2      | 1118 ||| Stepping ~*~*~tactically~*~*~ (stealth).
  1122 | D:2      | Reached XP level 3. HP: 31/31 MP: 2/2
  1125 | D:2      | 1125 ||| Stepping ~*~*~tactically~*~*~ (stealth).
  1129 | D:2      | Reached ** piety under Trog
  1143 | D:2      | 1143 ||| INVOKING Berserk.
  1151 | D:2      | 1151 ||| FLEEEEING.
  1153 | D:2      | 1153 ||| FLEEEEING.
  1154 | D:2      | 1154 ||| FLEEEEING.
  1155 | D:2      | 1155 ||| STAIRDANCE
  1262 | D:2      | 1262 ||| INVOKING Berserk.
  1263 | D:2      | 1263 ||| INVOKING Berserk.
  1266 | D:2      | 1266 ||| STAIRDANCE
  1459 | D:2      | 1459 ||| Stepping ~*~*~tactically~*~*~ (hiding).
  1729 | D:2      | 1729 ||| Stepping ~*~*~tactically~*~*~ (hiding).
  1866 | D:2      | Reached skill level 6 in Axes
  1866 | D:2      | Reached XP level 4. HP: 39/39 MP: 3/3
  1895 | D:2      | 1895 ||| INVOKING Berserk.
  1915 | D:2      | 1915 ||| Stepping ~*~*~tactically~*~*~ (stealth).
  1955 | D:2      | 1955 ||| DROPPING +0 whip.
  2184 | D:3      | 2184 ||| Stepping ~*~*~tactically~*~*~ (stealth).
  2186 | D:3      | 2186 ||| Stepping ~*~*~tactically~*~*~ (hiding).
  2188 | D:3      | 2188 ||| INVOKING Berserk.
  2190 | D:3      | Reached skill level 7 in Axes
  2190 | D:3      | Reached XP level 5. HP: 45/45 MP: 4/4
  2295 | D:3      | 2295 ||| Stepping ~*~*~tactically~*~*~ (stealth).
  2356 | D:3      | 2356 ||| Stepping ~*~*~tactically~*~*~ (stealth).
  2360 | D:3      | 2360 ||| Stepping ~*~*~tactically~*~*~ (stealth).
  2361 | D:3      | 2361 ||| Stepping ~*~*~tactically~*~*~ (stealth).
  2363 | D:3      | 2363 ||| Stepping ~*~*~tactically~*~*~ (stealth).
  2379 | D:3      | 2379 ||| INVOKING Berserk.
  2509 | D:3      | Found a faded altar of an unknown god.
  2618 | D:3      | 2618 ||| INVOKING Berserk.
  2795 | D:3      | 2795 ||| UPGRADING to ring of protection from cold.
  2796 | D:3      | 2796 ||| READING scroll labelled RIMOSOFOES.
  2801 | D:3      | 2801 ||| READING scroll labelled YGREDWAOGA.
  2802 | D:3      | 2802 ||| DRINKING 3 sedimented ruby potions.
  2803 | D:3      | 2803 ||| DRINKING 2 purple potions.
  2804 | D:3      | 2804 ||| DRINKING 2 metallic amethyst potions.
  2805 | D:3      | 2805 ||| DROPPING 2 potions of flight.
  2806 | D:3      | 2806 ||| DROPPING potion of invisibility.
  2807 | D:3      | 2807 ||| Stepping randomly (stuck).
  2808 | D:3      | 2808 ||| Stepping ~*~*~tactically~*~*~ (cloud).
  2921 | D:4      | 2921 ||| STAIRDANCE
  2999 | D:4      | Noticed a phantom
  3007 | D:4      | Killed a phantom
  3008 | D:4      | Reached skill level 8 in Axes
  3008 | D:4      | Reached XP level 6. HP: 50/52 MP: 5/5
  3397 | D:4      | Noticed Eustachio
  3401 | D:4      | 3401 ||| INVOKING Berserk.
  3405 | D:4      | Killed Eustachio
  3406 | D:4      | Reached skill level 9 in Axes
  3406 | D:4      | Reached XP level 7. HP: 59/59 MP: 6/6
  3457 | D:4      | Identified the +5 flail of Nightmares {vorpal, *Rage rElec
                  | Will+ Dex+3}
  3459 | D:4      | 3459 ||| DROPPING +5 flail of Nightmares {vorpal, *Rage
                  | rElec Will+ Dex+3}.
  3662 | D:4      | Noticed Natasha
  3663 | D:4      | 3663 ||| Stepping ~*~*~tactically~*~*~ (hiding).
  3665 | D:4      | 3665 ||| INVOKING Berserk.
  3667 | D:4      | Killed Natasha
  3697 | D:4      | 3697 ||| Stepping ~*~*~tactically~*~*~ (stealth).
  4119 | D:4      | Noticed Natasha
  4120 | D:4      | 4120 ||| FLEEEEING.
  4125 | D:4      | 4125 ||| FLEEEEING.
  4126 | D:4      | 4126 ||| FLEEEEING.
  4127 | D:4      | 4127 ||| FLEEEEING.
  4128 | D:4      | 4128 ||| Stepping ~*~*~tactically~*~*~ (hiding).
  4130 | D:4      | 4130 ||| Stepping ~*~*~tactically~*~*~ (hiding).
  4132 | D:4      | 4132 ||| INVOKING Berserk.
  4137 | D:4      | Killed Natasha
  4297 | D:4      | 4297 ||| READING 2 scrolls labelled QUROIRREKA.
  4298 | D:4      | 4298 ||| READING scroll labelled UDU ZOIKILA.
  4299 | D:4      | 4299 ||| READING scroll labelled ZIHUAD HURIM.
  4318 | D:5      | Entered Level 5 of the Dungeon
  4329 | D:5      | 4329 ||| INVOKING Berserk.
  4459 | D:5      | 4459 ||| INVOKING Berserk.
  4479 | D:5      | Reached skill level 10 in Axes
  4482 | D:5      | 4482 ||| Stepping ~*~*~tactically~*~*~ (stealth).
  4575 | D:5      | 4575 ||| Stepping ~*~*~tactically~*~*~ (hiding).
  4577 | D:5      | 4577 ||| Stepping ~*~*~tactically~*~*~ (hiding).
  4578 | D:5      | 4578 ||| Stepping ~*~*~tactically~*~*~ (hiding).
  4585 | D:5      | Reached skill level 1 in Throwing
  4601 | D:5      | Reached skill level 6 in Fighting
  4604 | D:5      | HP: 16/64 [poisoned by a water moccasin]
  4609 | D:5      | HP: 10/64 [poisoned by a water moccasin]
  4974 | D:5      | Reached XP level 8. HP: 52/71 MP: 7/7
  5131 | D:5      | 5131 ||| INVOKING Berserk.
  5139 | D:5      | Reached skill level 11 in Axes
  5144 | D:5      | Found Juekeshroe's Weapon Emporium.
  5269 | D:5      | 5269 ||| BUYING +0 morningstar (52 gold).
  5269 | D:5      | Bought a +0 morningstar for 52 gold pieces
  5269 | D:5      | 5269 ||| DROPPING +0 flail.
  5324 | D:5      | 5324 ||| Stepping ~*~*~tactically~*~*~ (hiding).
  5325 | D:5      | 5325 ||| Stepping ~*~*~tactically~*~*~ (hiding).
  5327 | D:5      | 5327 ||| Stepping ~*~*~tactically~*~*~ (hiding).
  5448 | D:5      | Identified the +11 sling of Somewhere Else {flame, rElec
                  | MP+9}
  5484 | D:5      | Found a staircase to the Ecumenical Temple.
  5581 | D:5      | 5581 ||| INVOKING Berserk.
  5633 | D:5      | 5633 ||| Stepping ~*~*~tactically~*~*~ (stealth).
  5710 | D:5      | 5710 ||| UPGRADING to +0 chain mail.
  5720 | D:5      | 5720 ||| DROPPING +0 scale mail.
  5721 | D:5      | 5721 ||| READING scroll labelled LEJEMM REFRARU.
  5722 | D:5      | 5722 ||| DRINKING 2 white potions.
  5723 | D:5      | 5723 ||| DROPPING potion of brilliance.
  5756 | D:6      | Reached *** piety under Trog
  5796 | D:6      | 5796 ||| Stepping ~*~*~tactically~*~*~ (hiding).
  5798 | D:6      | 5798 ||| Stepping ~*~*~tactically~*~*~ (stealth).
  5802 | D:6      | 5802 ||| Stepping ~*~*~tactically~*~*~ (hiding).
  5809 | D:6      | Reached skill level 3 in Armour
  5876 | D:6      | 5876 ||| INVOKING Berserk.
  5880 | D:6      | Reached skill level 12 in Axes
  6116 | D:6      | 6116 ||| Stepping ~*~*~tactically~*~*~ (hiding).
  6120 | D:6      | 6120 ||| INVOKING Berserk.
  6132 | D:6      | Reached XP level 9. HP: 78/79 MP: 8/8
  6266 | D:6      | Found a glowing silver altar of Zin.
  6352 | D:6      | 6352 ||| FLEEEEING.
  6353 | D:6      | 6353 ||| FLEEEEING.
  6354 | D:6      | 6354 ||| FLEEEEING.
  6355 | D:6      | 6355 ||| FLEEEEING.
  6360 | D:6      | 6360 ||| STAIRDANCE
  6405 | D:5      | 6405 ||| READING scroll labelled QOCAIMI OPIDD.
  6406 | D:5      | 6406 ||| READING scroll labelled RUOCKA IPTU.
  6570 | D:5      | 6570 ||| READING 2 scrolls of identify.
  6570 | D:5      | 6570 ||| IDENTIFYING brown potion
  6571 | D:5      | 6571 ||| DROPPING potion of ambrosia.
  6600 | D:6      | 6600 ||| INVOKING Berserk.
  6774 | D:6      | 6774 ||| Stepping ~*~*~tactically~*~*~ (hiding).
  7220 | D:7      | 7220 ||| Stepping ~*~*~tactically~*~*~ (hiding).
  7239 | D:7      | 7239 ||| Stepping ~*~*~tactically~*~*~ (stealth).
  7240 | D:7      | 7240 ||| Stepping ~*~*~tactically~*~*~ (stealth).
  7259 | D:7      | 7259 ||| INVOKING Berserk.
  7613 | D:7      | 7613 ||| Stepping ~*~*~tactically~*~*~ (stealth).
  7614 | D:7      | 7614 ||| Stepping ~*~*~tactically~*~*~ (stealth).
  7629 | D:7      | Reached skill level 13 in Axes
  7647 | D:7      | Found a blossoming altar of Fedhas.
  7649 | D:7      | 7649 ||| Stepping ~*~*~tactically~*~*~ (stealth).
  7650 | D:7      | 7650 ||| Stepping ~*~*~tactically~*~*~ (stealth).
  7652 | D:7      | 7652 ||| Stepping ~*~*~tactically~*~*~ (stealth).
  7670 | D:7      | 7670 ||| Stepping ~*~*~tactically~*~*~ (stealth).
  7757 | D:7      | 7757 ||| SWAPPING to +0 broad axe.
  7758 | D:7      | 7758 ||| DROPPING +0 hand axe of venom.
  7943 | D:7      | 7943 ||| READING scroll labelled JAM QEFIGREO.
  7944 | D:7      | 7944 ||| READING scroll labelled NEITOTA PESIE.
  7945 | D:7      | 7945 ||| READING 5 scrolls of identify.
  7945 | D:7      | 7945 ||| IDENTIFYING blue potion
  7946 | D:7      | 7946 ||| READING 4 scrolls of identify.
  7946 | D:7      | 7946 ||| IDENTIFYING clear potion
  7947 | D:7      | 7947 ||| READING 3 scrolls of identify.
  7947 | D:7      | 7947 ||| IDENTIFYING red potion
  7948 | D:7      | 7948 ||| READING 2 scrolls of identify.
  7948 | D:7      | 7948 ||| IDENTIFYING amethyst potion
  7949 | D:7      | 7949 ||| DROPPING potion of lignification.
  7955 | D:7      | 7955 ||| Stepping ~*~*~tactically~*~*~ (hiding).
  7958 | D:7      | 7958 ||| INVOKING Berserk.
  7964 | D:7      | Reached skill level 3 in Throwing
  8008 | D:8      | 8008 ||| INVOKING Berserk.
  8191 | D:8      | 8191 ||| Stepping ~*~*~tactically~*~*~ (stealth).
  8195 | D:8      | 8195 ||| Stepping ~*~*~tactically~*~*~ (stealth).
  8204 | D:8      | 8204 ||| INVOKING Berserk.
  8207 | D:8      | HP: 28/121 [poisoned by a killer bee]
  8211 | D:8      | HP: 12/81 [poisoned by a killer bee]
  8214 | D:8      | HP: 5/81 [poisoned by a killer bee]
  8217 | D:8      | HP: 2/81 [poisoned by a killer bee]
  8246 | D:8      | Noticed Pikel
  8247 | D:8      | 8247 ||| FLEEEEING.
  8248 | D:8      | 8248 ||| FLEEEEING.
  8249 | D:8      | 8249 ||| FLEEEEING.
  8250 | D:8      | 8250 ||| FLEEEEING.
  8254 | D:8      | 8254 ||| STAIRDANCE
  8556 | D:8      | 8556 ||| Stepping ~*~*~tactically~*~*~ (hiding).
  8559 | D:8      | 8559 ||| INVOKING Berserk.
  8565 | D:8      | Killed Pikel
  8566 | D:8      | Reached skill level 14 in Axes
  8689 | D:8      | Found Yvvoihis's General Store.
  8698 | D:8      | 8698 ||| BUYING potion of might (56 gold).
  8698 | D:8      | Bought a potion of might for 56 gold pieces
  8965 | D:8      | 8965 ||| Stepping ~*~*~tactically~*~*~ (stealth).
  8967 | D:8      | Noticed Grum
  8968 | D:8      | 8968 ||| INVOKING Berserk.
  8976 | D:8      | Reached XP level 10. HP: 80/88 MP: 9/9
  8978 | D:8      | Killed Grum
  9258 | D:9      | 9258 ||| STAIRDANCE
  9287 | D:9      | 9287 ||| Stepping ~*~*~tactically~*~*~ (hiding).
  9289 | D:9      | 9289 ||| INVOKING Berserk.
  9303 | D:9      | 9303 ||| STAIRDANCE
  9417 | D:9      | 9417 ||| FLEEEEING.
  9418 | D:9      | 9418 ||| FLEEEEING.
  9419 | D:9      | 9419 ||| FLEEEEING.
  9422 | D:9      | 9422 ||| FLEEEEING.
  9423 | D:9      | 9423 ||| STAIRDANCE
  9587 | D:9      | 9587 ||| STAIRDANCE
  9592 | D:9      | 9592 ||| STAIRDANCE
  9627 | D:9      | 9627 ||| Stepping ~*~*~tactically~*~*~ (stealth).
  9631 | D:9      | Reached skill level 15 in Axes
  9631 | D:9      | 9631 ||| Stepping ~*~*~tactically~*~*~ (stealth).
  9632 | D:9      | 9632 ||| Stepping ~*~*~tactically~*~*~ (stealth).
  9650 | D:9      | Reached skill level 9 in Fighting
  9655 | D:9      | 9655 ||| INVOKING Berserk.
  9660 | D:9      | Reached skill level 3 in Dodging
  9935 | D:9      | 9935 ||| INVOKING Berserk.
  9943 | D:9      | Reached **** piety under Trog
 10068 | D:9      | Noticed a two-headed ogre
 10072 | D:9      | 10072 ||| INVOKING Berserk.
 10073 | D:9      | Killed a two-headed ogre
 10232 | D:9      | 10232 ||| FLEEEEING.
 10233 | D:9      | 10233 ||| FLEEEEING.
 10234 | D:9      | 10234 ||| FLEEEEING.
 10237 | D:9      | 10237 ||| FLEEEEING.
 10242 | D:9      | 10242 ||| FLEEEEING.
 10243 | D:9      | 10243 ||| STAIRDANCE
 10303 | D:9      | 10303 ||| Stepping ~*~*~tactically~*~*~ (hiding).
 10306 | D:9      | 10306 ||| INVOKING Berserk.
 10415 | D:9      | 10415 ||| INVOKING Berserk.
 10488 | D:9      | Reached skill level 16 in Axes
 10489 | D:9      | Paralysed by a hornet for 1 turns
 10492 | D:9      | 10492 ||| INVOKING Berserk.
 10497 | D:9      | Reached skill level 6 in Armour
 10724 | D:9      | 10724 ||| Stepping ~*~*~tactically~*~*~ (hiding).
 10750 | D:9      | Noticed a deep elf pyromancer
 10750 | D:9      | Noticed a deep elf pyromancer
 10751 | D:9      | 10751 ||| Stepping ~*~*~tactically~*~*~ (hiding).
 10754 | D:9      | 10754 ||| INVOKING Berserk.
 10760 | D:9      | Killed a deep elf pyromancer
 10765 | D:9      | Killed a deep elf pyromancer
 10766 | D:9      | Reached XP level 11. HP: 97/97 MP: 10/10
 10770 | D:9      | Noticed a fire crab
 10774 | D:9      | 10774 ||| Stepping ~*~*~tactically~*~*~ (cloud).
 10774 | D:9      | HP: 22/97 [fire crab (shapeshifter) (7)]
 10774 | D:9      | HP: 9/97 [fire crab (shapeshifter) (13)]
 10775 | D:9      | 10775 ||| READING 2 scrolls of teleportation.
 10776 | D:9      | 10776 ||| DRINKING potion of heal wounds.
 10776 | D:9      | Engulfed by a fire crab (shapeshifter)'s flame

Levels and vault maps discovered:
D:1:      dpeg_arrival_arbitrary_a, layout_basic
D:2:      layout_loops_cross, nrook_mini_backslash
D:3:      layout_rooms, basic_ecumenical_altar
D:4:      layout_basic, minmay_bisected, uniq_natasha, uniq_eustachio
D:5:      layout_rooms, minmay_temple_entry_mist, serial_shops,
          nicolae_lakefront_shop, serial_demonic, serial_demonic_c,
          serial_demonic_b, serial_demonic_g, serial_demonic_e, serial_demonic_e
D:6:      layout_gridville, lemuel_crystal_altar
D:7:      layout_loops_ring, fedhas_altar_decomposition,
          minmay_tree_intersection, serial_bayou_pond_c
D:8:      layout_gridville, serial_shops, nicolae_diamond_shop, uniq_grum,
          uniq_pikel
D:9:      minmay_the_grid_triangle_9x9_recursive_2
          [minmay_the_grid_triangle_9x9_prize_schism,
          minmay_the_grid_triangle_9x9_longest,
          minmay_the_grid_triangle_9x9_checkered,
          minmay_the_grid_triangle_9x9_semitri], layout_loops_ring,
          serial_shops, nicolae_shop_stone

Skill      XL: |  1  2  3  4  5  6  7  8  9 10 |
---------------+-------------------------------+-----
Axes           | 4 5 6 7 8 9 10 12 14 16 | 16.9
Fighting       | 4 6 7 8 9 |  9.0
Throwing       | 1 3 |  3.4
Armour         | 4 5 6 |  6.2
Dodging        | 3 |  3.4

Action                   |  1- 3 |  4- 6 |  7- 9 | 10-12 || total
-------------------------+-------+-------+-------+-------++-------
Melee: Hand axe          |    55 |    64 |   219 |       ||   338
       Headbutt          |     5 |     8 |    50 |    20 ||    83
       Punch             |       |       |     3 |     1 ||     4
       Broad axe         |       |       |    35 |    88 ||   123
Throw: Boomerang         |    61 |    27 |    50 |     9 ||   147
       Javelin           |       |       |    13 |     9 ||    22
Invok: Berserk           |     2 |     5 |    15 |     8 ||    30
  Use: Scroll            |     3 |     2 |    13 |     1 ||    19
       Potion            |       |     3 |     1 |     1 ||     5
Armor: Animal skin       |     8 |       |       |       ||     8
       Scale mail        |     9 |    12 |    24 |       ||    45
       Chain mail        |       |       |    57 |    19 ||    76
Dodge: Dodged            |    29 |    35 |   132 |    68 ||   264

Table legend:
 A = Non-vault XP
 B = Vault XP
 C = Vault XP percentage of total XP
 D = Non-vault monster count
 E = Vault monster count
 F = Vault count percentage of total count
                 A         B        C        D         E       F
            +---------+---------+-------+---------+---------+-------
      Total |    7047 |    4431 |  38.6 |     180 |      31 |  14.7
            +---------+---------+-------+---------+---------+-------
        D:1 |      38 |       0 |   0.0 |      24 |       0 |   0.0
        D:2 |     125 |       0 |   0.0 |      27 |       0 |   0.0
        D:3 |     156 |       0 |   0.0 |      19 |       0 |   0.0
        D:4 |     293 |     235 |  44.5 |      13 |       5 |  27.8
        D:5 |    1066 |      61 |   5.4 |      27 |       6 |  18.2
        D:6 |    1064 |       0 |   0.0 |      29 |       0 |   0.0
        D:7 |     339 |     423 |  55.5 |       5 |       6 |  54.5
        D:8 |     908 |    1196 |  56.8 |      11 |       6 |  35.3
        D:9 |    3058 |    2516 |  45.1 |      25 |       8 |  24.2
            +---------+---------+-------+---------+---------+-------
